 Dungeon Crawl Stone Soup version 0.29-a0-40-g8eb35efe60 (webtiles) character file.

Game seed: 7601116087493427245

11571 HallandMoats the Fighter (level 11, -4/73 HPs)
             Began as a Gargoyle Fighter on Feb 2, 2022.
             Was a Believer of the Shining One.
             Killed from afar by a tengu reaver (8 damage)
             ... with a bolt of lightning
             ... on level 10 of the Dungeon.
             The game lasted 00:15:53 (11304 turns).

HallandMoats the Fighter (Gargoyle Fighter)        Turns: 11304, Time: 00:15:54

Health: -4/73      AC: 20    Str: 28    XL:     11   Next: 79%
Magic:  0/18       EV: 32    Int:  9    God:    the Shining One [**....]
Gold:   630        SH:  6    Dex: 12    Spells: 10/10 levels left

rFire   . . .      SeeInvis +   m - +8 dagger of Pyromania {freeze, Str+2 Dex+3}
rCold   . . .      Faith    .   c - +1 buckler
rNeg    + + +      Spirit   +   h - +0 acid dragon scales
rPois   ∞          Reflect  .   B - +2 hat of the Bear Spirit {Spirit, *Rage Will++}
rElec   +          Harm     .   q - +0 cloak of Vima {rN+ Str+2 Slay+2}
rCorr   +          Rampage  .   u - +0 pair of gloves
Will    ++...      Rage     20% (no boots)
Stlth   +.........              j - amulet of the acrobat
HPRegen 0.22/turn               w - +4 ring of evasion
MPRegen 0.16/turn               e - ring of see invisible

@: on berserk cooldown, acrobatic, attractive, slowed, glowing, invisible (but
backlit and visible), very slow
A: sickness immunity, AC +8, negative energy resistance 1, electricity
resistance, torment resistance 1, petrification resistance
a: Renounce Religion, Divine Shield


You were on level 10 of the Dungeon.
You worshipped the Shining One.
The Shining One was pleased with you.
You visited 2 branches of the dungeon, and saw 11 of its levels.

You collected 659 gold pieces.
You donated 29 gold pieces to Zin.

Inventory:

Hand Weapons
 a - a +1 vorpal flail
 m - the +8 dagger of Pyromania (weapon) {freeze, Str+2 Dex+3}
   (You found it on level 2 of the Dungeon)

   It freezes those it strikes, dealing additional cold damage.
   It can also slow down cold-blooded creatures.
   Str:       It affects your strength (+2).
   Dex:       It affects your dexterity (+3).
Armour
 c - a +1 buckler (worn)
 g - a +2 helmet of see invisible
 h - +0 acid dragon scales (worn)
 q - the +0 cloak of Vima (worn) {rN+ Str+2 Slay+2}
   (You acquired it on level 8 of the Dungeon)

   Str:       It affects your strength (+2).
   Slay:      It affects your accuracy & damage with ranged weapons and melee
   (+2).
   rN:        It protects you from negative energy.
 u - a +0 pair of gloves (worn)
 B - the +2 hat of the Bear Spirit (worn) {Spirit, *Rage Will++}
   (You found it on level 10 of the Dungeon)

   Going berserk makes the wearer tougher, and they're slowed less afterward.
   *Rage:     It berserks you when you make melee attacks (+20% chance).
   Will:      It greatly increases your willpower.
Jewellery
 e - a ring of see invisible (right hand)
 j - an amulet of the acrobat (around neck)
 n - a ring of fire
 w - a +4 ring of evasion (left hand)
 z - a ring of protection from cold
 C - a +6 ring of dexterity
 D - a ring of flight
Wands
 d - a wand of iceblast (21)
 y - a wand of flame (6)
Scrolls
 f - a scroll of brand weapon
 k - 5 scrolls of blinking
 l - 2 scrolls of amnesia
 p - a scroll of silence {unknown}
 r - 4 scrolls of immolation
 x - a scroll of vulnerability {unknown}
 A - 2 scrolls of magic mapping {unknown}
Potions
 b - a potion of invisibility
 i - 2 potions of curing
 o - a potion of heal wounds {unknown}
 s - a potion of haste {unknown}
 t - a potion of attraction


   Skills:
 * Level 10.6 Fighting
 * Level 9.5 Maces & Flails
 + Level 7.8 Armour
 + Level 5.2 Dodging
 - Level 4.3 Shields
 * Level 10.0 Invocations


You had 10 spell levels left.
You didn't know any spells.
Your spell library contained the following spells:

 Spells                   Type           Power      Damage    Failure   Level
 Freeze                   Ice            0%         1d3       52%         1
 Sandblast                Erth           0%         2d4       52%         1
 Summon Small Mammal      Summ           0%         N/A       52%         1
 Corpse Rot               Necr/Air       0%         N/A       67%         2
 Poisonous Vapours        Pois/Air       0%         N/A       67%         2
 Call Canine Familiar     Summ           0%         N/A       88%         3
 Frozen Ramparts          Ice            0%         1d2       88%         3
 Ignite Poison            Fire/Tmut/Pois 0%         N/A       88%         3
 Spider Form              Tmut/Pois      0%         N/A       88%         3
 Summon Guardian Golem    Hex/Summ       0%         N/A       88%         3
 Hailstorm                Conj/Ice       0%         3d3       99%         4
 Spellforged Servitor     Conj/Summ      0%         N/A       100%        7
 Storm Form               Tmut/Air       0%         N/A       100%        7
 Lehudib's Crystal Spear  Conj/Erth      0%         10d2      100%        8


Dungeon Overview and Level Annotations

Branches:
Dungeon (10/15)            Temple (1/1) D:5            Lair (0/6) D:9
    Orc: D:9-12

Altars:
Ashenzari
Cheibriados
Dithmenos
Elyvilon
Fedhas
Gozag
Hepliaklqana
Kikubaaqudgha
Makhleb
Nemelex Xobeh
Ru
Sif Muna
Trog
Uskayaw
Vehumet
Wu Jian
Xom
Yredelemnul
Zin
The Shining One

Shops:
D:7 (   D:10 (

Annotations:
D:9 2 runed translucent doors, exclusion: orange crystal statue
D:10 exclusion: orange crystal statue


Innate Abilities, Weirdness & Mutations

You are immune to sickness and miasma.
Your stone body is resilient. (AC +8)
You are immune to poison.
You resist negative energy. (rN+)
You are resistant to electric shocks. (rElec)
You are resistant to unholy torment.
You are immune to petrification.


Message History

The tengu reaver closely misses you. The tengu reaver misses you.
You feel better. The tengu reaver completely misses you.
You block the tengu reaver's attack.
The tengu reaver claws you but does no damage.
It was a potion of invisibility.
You become transparent, but the glow from your halo prevents you from becoming completely invisible.
The tengu reaver gestures at you while chanting.
The bolt of negative energy hits you but does no damage.
You resist. The tengu reaver casts a spell at you.
The bolt of lightning misses you.
Unknown command.
Okay, then.
It was a potion of attraction.
You feel attractive to monsters.
The tengu reaver hits you but does no damage.
The tengu reaver pecks you but does no damage.
The tengu reaver claws you.
* * * LOW HITPOINT WARNING * * *
The tengu reaver hits you with a +0 great sword!
* * * LOW HITPOINT WARNING * * *
The tengu reaver pecks you but does no damage.
The tengu reaver claws you but does no damage.
As you read the scroll of fear, it crumbles to dust.
You assume a fearsome visage.
The tengu reaver looks frightened!
The tengu reaver is attracted toward you.
The tengu reaver is attracted toward you.
The tengu reaver is attracted toward you.
The tengu reaver is attracted toward you.
The tengu reaver seems to regain its courage.
The tengu reaver misses you. You block the tengu reaver's attack.
The tengu reaver claws you but does no damage.
There is an open door here.
Blink to where?
Press: ? - help, Dir - move target, p - tengu reaver
As you read the scroll of blinking, it crumbles to dust.
The tengu reaver is attracted toward you.
The tengu reaver points at you and mumbles some strange words.
The bolt of lightning hits you! You resist.
You die...

#........###############......
###......#...#...# #......
#......#...'...# #..(...
#......#.†§#...# #......
#......#...##..# #......
###......##..##..# #......
#.........#.Q###§####+##......
#.........#..#[##..)...#......
#.........##.@..##.§...#......
#..........#)#..(###...#......
#..........####+########......
######......##.........#......
#.......###.......)......
#..)).....####....#......
#....).......######......
#............. .......
#............. .......


You could see a tengu reaver.

Vanquished Creatures
  A hydra (D:10)
  2 boulder beetles (D:10)
  A tengu warrior (D:10)
  2 orc knights (D:10)
  An ugly thing (D:10)
  A cyclops (D:10)
  Maurice (D:8)
  A gargoyle (D:10)
  Psyche (D:9)
  A kobold demonologist (D:10)
  A meliai (D:10)
  A slime creature (D:10)
  A wraith (D:9)
  Sigmund (D:3)
  4 yaks (D:9)
  4 basilisks (D:9)
  2 wyverns
  An acid dragon (D:6)
  4 water moccasins
  6 orc warriors
  5 black bears
  A necrophage (D:6)
  2 sky beasts (D:7)
  5 centaurs
  3 ogres
  5 kobold brigands
  A bullfrog (D:9)
  A water moccasin zombie (D:5)
  A gnoll sergeant (D:5)
  A scorpion (D:7)
  3 wights (D:9)
  2 howler monkeys
  3 centaur zombies
  3 hounds
  3 jellies
  2 centaur skeletons (D:4)
  5 orc priests
  4 iguanas
  3 orc wizards
  3 killer bee zombies
  3 adders
  2 shadow imps (D:5)
  A white imp (D:7)
  An adder skeleton (D:4)
  2 worms
  4 dart slugs (D:1)
  23 orcs
  4 ball pythons
  3 endoplasms
  A giant cockroach (D:3)
  2 goblins
  7 hobgoblins
  9 jackals
  2 quokkas
  6 bats
  5 frilled lizards
  14 kobolds
  A quokka skeleton (D:4)
  A rat (D:2)
184 creatures vanquished.

Vanquished Creatures (collateral kills)
  Edmund (D:6)
  A centaur (D:6)
  A hound (D:6)
3 creatures vanquished.

Vanquished Creatures (others)
  A howler monkey zombie (D:10)
  3 fungi (D:9)
  15 plants
19 creatures vanquished.

Grand Total: 206 creatures vanquished

Notes
Turn   | Place    | Note
-------+----------+-------------------------------------------
     0 | D:1      | HallandMoats the Gargoyle Fighter began the quest for the
                  | Orb.
     0 | D:1      | Reached XP level 1. HP: 14/14 MP: 1/1
   196 | D:1      | Reached XP level 2. HP: 14/19 MP: 2/2
   364 | D:1      | Found a faded altar of an unknown god.
   487 | D:1      | Reached skill level 1 in Invocations
   699 | D:1      | Reached XP level 3. HP: 23/23 MP: 3/3
  1538 | D:2      | Identified the +8 dagger of Pyromania {freeze, Str+2 Dex+3}
  1878 | D:3      | Noticed Sigmund
  1891 | D:3      | Killed Sigmund
  1892 | D:3      | Reached skill level 1 in Dodging
  1892 | D:3      | Reached XP level 4. HP: 20/29 MP: 5/5
  1892 | D:3      | Reached XP level 5. HP: 22/33 MP: 6/6
  2181 | D:3      | Got Uqeajuerin's Disquisition on Contamination and the
                  | Mountains
  2385 | D:3      | Found a glowing silver altar of Zin.
  2563 | D:3      | Became a worshipper of Zin the Law-Giver
  2563 | D:3      | Reached * piety under Zin
  2591 | D:4      | Noticed a black bear
  2598 | D:3      | Killed a black bear
  2599 | D:3      | Reached XP level 6. HP: 15/39 MP: 6/8
  2842 | D:4      | Noticed a black bear
  2869 | D:4      | Killed a black bear
  2870 | D:4      | Reached XP level 7. HP: 38/44 MP: 9/9
  3230 | D:4      | Reached ** piety under Zin
  3403 | D:5      | Entered Level 5 of the Dungeon
  3540 | D:5      | Reached skill level 5 in Fighting
  4044 | D:5      | Reached XP level 8. HP: 50/50 MP: 11/11
  4439 | D:5      | Found a staircase to the Ecumenical Temple.
  4552 | Temple   | Entered the Ecumenical Temple
  4725 | Temple   | Fell from the grace of Zin
  4725 | Temple   | Became a worshipper of the Shining One
  4725 | Temple   | Reached * piety under the Shining One
  4969 | D:6      | Noticed Edmund
  4975 | D:6      | Killed Edmund
  4976 | D:6      | Reached skill level 5 in Maces & Flails
  5103 | D:6      | Reached skill level 5 in Invocations
  5111 | D:6      | Reached skill level 5 in Armour
  5161 | D:6      | Reached XP level 9. HP: 54/56 MP: 13/13
  5297 | D:6      | Found a blossoming altar of Fedhas.
  6423 | D:7      | Found a sparkling altar of Nemelex Xobeh.
  6470 | D:7      | Got the Volume of Feathery Illusion
  6471 | D:7      | Found Ecuwen's Antique Weapon Emporium.
  6680 | D:7      | Found a shimmering blue altar of Sif Muna.
  6746 | D:8      | Identified a scroll of acquirement
  6747 | D:8      | Acquired the +0 cloak of Vima {rN+ Str+2 Slay+2}
  6877 | D:8      | Noticed Maurice
  6888 | D:8      | Killed Maurice
  7136 | D:8      | Reached XP level 10. HP: 62/64 MP: 15/15
  7245 | D:8      | Reached ** piety under the Shining One
  8106 | D:9      | Noticed Psyche
  8129 | D:9      | Killed Psyche
  8407 | D:9      | Found a staircase to the Lair.
  8438 | D:9      | Found a runed translucent door.
  8452 | D:9      | Found a runed translucent door.
  8466 | D:9      | Found a runed translucent door.
  8479 | D:9      | Found a runed translucent door.
  8851 | D:9      | Noticed an orange crystal statue
  8852 | D:9      | Noticed a kobold demonologist
  8854 | D:9      | Noticed a soul eater
  8936 | D:9      | Noticed a two-headed ogre
  9565 | D:10     | Entered Level 10 of the Dungeon
  9566 | D:10     | Noticed a kobold demonologist
  9678 | D:10     | Killed a kobold demonologist
  9679 | D:10     | Reached XP level 11. HP: 71/71 MP: 17/17
  9721 | D:10     | Noticed an orange crystal statue
  9746 | D:10     | Found the +2 hat of the Bear Spirit {Spirit, *Rage Will++}
 10044 | D:10     | Found Fiumeun's Antique Weapon Shop.
 10389 | D:10     | Noticed a brown ugly thing
 10389 | D:10     | Noticed a tengu warrior
 10399 | D:10     | Killed a brown ugly thing
 10407 | D:10     | Killed a tengu warrior
 10455 | D:10     | Noticed a six-headed hydra
 10455 | D:10     | Noticed a cyclops
 10455 | D:10     | Reached *** piety under the Shining One
 10461 | D:10     | Reached skill level 10 in Fighting
 10466 | D:10     | Killed a six-headed hydra
 10475 | D:10     | Killed a cyclops
 10581 | D:10     | Noticed an orc knight
 10581 | D:10     | Noticed a boulder beetle
 10581 | D:10     | Noticed a boulder beetle
 10604 | D:10     | Killed a boulder beetle
 10605 | D:10     | Reached skill level 5 in Dodging
 10605 | D:10     | Killed an orc knight
 11211 | D:10     | Killed a boulder beetle
 11271 | D:10     | Noticed an orc knight
 11271 | D:10     | Noticed a tengu reaver
 11287 | D:10     | Killed an orc knight
 11288 | D:10     | Reached skill level 10 in Invocations
 11296 | D:10     | HP: 2/73 [tengu reaver (13)]
 11304 | D:10     | Killed from afar by a tengu reaver

Illustrated notes

Levels and vault maps discovered:
D:1:      scummos_arrival_hexagon, layout_basic,
          hellmonk_ecumenical_altar_lost_god, corexii_corridor_pit
D:2:      layout_basic, kennysheep_generic_room_8
D:3:      layout_basic, marbit_many_paths, uniq_sigmund
D:4:      cheibrodos_helix_gallery, layout_rooms
D:5:      minmay_angry_zag, layout_basic, minmay_temple_entry_fiery
D:6:      layout_basic, fedhas_ov_isle_minmay, grunt_ministairs_6,
          minmay_misc_feat_x, uniq_edmund
D:7:      layout_rooms, led_sif_pool, nemelex_xobeh_ov_fountains_minmay,
          serial_shops, nicolae_diamond_shop, lemuel_old_faithful
D:8:      layout_layer_cave, uniq_maurice
D:9:      layout_roguey, minmay_lair_entry_grove, serial_rivers,
          chequers_serial_rivers_small_b, chequers_serial_rivers_marsh,
          chequers_serial_rivers_micro_d, chequers_serial_rivers_micro_c,
          chequers_serial_rivers_large_b, minmay_statue_crystal_thing,
          uniq_psyche
D:10:     minmay_sliced_demisemicircle, layout_irregular_city,
          grunt_qazlal_clouds, lemuel_crystal_altar, trove_entry_hex_spiral,
          serial_shops, shop, minivault_15, minivault_26,
          nicolae_concentric_dashed_squares_wild, nicolae_shop_overcharged_wands
Temple:   eino_temple_rhombus

Skill      XL: |  1  2  3  4  5  6  7  8  9 10 11 |
---------------+----------------------------------+-----
Invocations    | 1 2 3 4 5 7 8 10 | 10.0
Fighting       | 4 5 6 8 9 10 | 10.6
Maces & Flails | 3 4 5 7 8 9 |  9.5
Dodging        | 1 2 3 4 5 |  5.2
Armour         | 4 5 6 7 |  7.8
Shields        | 4 |  4.3

Action                   |  1- 3 |  4- 6 |  7- 9 | 10-12 || total
-------------------------+-------+-------+-------+-------++-------
Melee: Flail             |   115 |       |       |       ||   115
       Dagger            |    15 |    31 |   264 |   388 ||   698
Invok: Divine Shield     |       |       |       |     3 ||     3
  Use: Potion            |       |       |     1 |     5 ||     6
       Scroll            |       |       |    13 |     4 ||    17
Armor: Ring mail         |    70 |    28 |    81 |       ||   179
       Scale mail        |     1 |       |       |       ||     1
       Acid dragon scale |       |       |    43 |   133 ||   176
Dodge: Dodged            |    93 |    30 |   166 |   238 ||   527
Block: Buckler           |    30 |     7 |    73 |    97 ||   207

Table legend: (Time is in decaauts)
 A = Elapsed time spent in this place.
 B = Non-inter-level travel time spent in this place.
 C = Inter-level travel time spent in this place.
 D = Time resting spent in this place.
 E = Time spent auto-exploring this place.
 F = Levels seen in this place.
 G = Mean time per level.
                   A        B        C        D        E       F      G
               +--------+--------+--------+--------+--------+-----+--------+
         Total |  11429 |  11012 |    417 |   2571 |   6554 |  11 | 1039.0 |
       Dungeon |  11245 |  10839 |    406 |   2571 |   6412 |  10 | 1124.5 |
        Temple |    183 |    173 |     10 |      0 |    142 |   1 |  183.0 |
               +--------+--------+--------+--------+--------+-----+--------+

Top non-repeatable levels by time:
    D:10: 1685 daAuts
     D:9: 1559 daAuts
     D:8: 1388 daAuts
     D:5: 1373 daAuts
     D:6: 1219 daAuts
     D:3: 995 daAuts
     D:1: 940 daAuts
     D:2: 884 daAuts
     D:4: 623 daAuts
     D:7: 575 daAuts
  Temple: 183 daAuts
